 Dungeon Crawl Stone Soup version 0.30-a0-1043-g60ff8d5f49 (webtiles) character file.

Game seed: 7497523147941446994

14066 cheesebisquit the Severer (level 12, -8/108 HPs)
             Began as a Hill Orc Fighter on Apr 10, 2023.
             Was a Follower of Beogh.
             Mangled by a death yak (12 damage)
             ... in an ice cave.
             The game lasted 00:44:54 (12078 turns).

cheesebisquit the Severer (Hill Orc Fighter)       Turns: 12078, Time: 00:44:55

Health: -8/108     AC: 17    Str: 30    XL:     12   Next: 12%
Magic:  13/14      EV: 22    Int:  8    God:    Beogh [*.....]
Gold:   697        SH: 10    Dex: 10    Spells: 11/11 levels left

rFire   + . .      SeeInvis +    q - +1 broad axe (holy)
rCold   + + +      Faith    .    a - +0 kite shield {rC+}
rNeg    . . .      Spirit   .    d - +1 plate armour {rC+}
rPois   .          Reflect  .    G - +2 hat
rElec   .          Rampage  .    b - scarf {rC+ rF+}
rCorr   .                        (no gloves)
Will    .....                    (no boots) Stlth
                                 P - amulet of the acrobat
HPRegen 0.38/turn                U - +6 ring of strength
MPRegen 0.14/turn                m - ring of see invisible

@: acrobatic
A: no striking features
a: Renounce Religion


You were in an ice cave.
You worshipped Beogh.
Beogh was aware of your devotion.
You visited 2 branches of the dungeon, and saw 12 of its levels.
You also visited: Ossuary and Ice Cave.

You collected 762 gold pieces.
You spent 65 gold pieces at shops.

Inventory:

Hand Weapons
 n - the +5 sling "Tiog" {heavy, rC++ Str+3}
   (You took it off a kobold on level 6 of the Dungeon)

   Str:       It affects your strength (+3).
   rC:        It greatly protects you from cold.
 q - a +1 broad axe of holy wrath (weapon)
 t - a +1 mace of protection
 x - a +1 hand axe of electrocution
 y - the +0 hand axe "Focsunece" {freeze, Contam rN+ Dex+3}
   (You found it on level 3 of the Dungeon)

   Dex:       It affects your dexterity (+3).
   rN:        It protects you from negative energy.
   Contam:    It causes magical contamination when unequipped.
 E - a +0 flail
 L - the +5 hand axe "Asiamo" {drain, Drain +Blink rF++}
   (You found it on level 6 of the Dungeon)

   rF:        It greatly protects you from fire.
   +Blink:    It lets you blink.
   Drain:     It drains your maximum health when unequipped.
Missiles
 A - a curare-tipped dart
 D - 19 poisoned darts (quivered)
 M - 4 boomerangs
Armour
 a - a +0 kite shield of cold resistance (worn)
 b - a scarf of resistance (worn)
 c - the +0 pair of gloves "Kisousee" {rPois Will+ Str-5 Slay+2}
   (You found it in an ice cave)

   Str:       It affects your strength (-5).
   Slay:      It affects your accuracy & damage with ranged weapons and melee
   (+2).
   rPois:     It protects you from poison.
   Will:      It increases your willpower.
 d - a +1 plate armour of cold resistance (worn)
 B - a +0 chain mail
 G - a +2 hat (worn)
 K - +1 shadow dragon scales
Jewellery
 j - a ring of protection from cold
 m - a ring of see invisible (right hand)
 r - a +6 ring of dexterity
 u - an amulet of magic regeneration
 J - a ring of magical power
 P - an amulet of the acrobat (around neck)
 U - a +6 ring of strength (left hand)
 X - a +4 ring of slaying
Wands
 f - a wand of digging (8)
 g - a wand of flame (14)
 O - a wand of acid (9)
 S - a wand of paralysis (6)
 W - a wand of polymorph (7)
Scrolls
 h - 3 scrolls of fog
 k - 2 scrolls of torment
 o - 3 scrolls of amnesia
 v - 2 scrolls of blinking
 C - 3 scrolls of teleportation
 F - a scroll of poison {unknown}
 H - a scroll of silence {unknown}
 N - a scroll of brand weapon {unknown}
 T - a scroll of magic mapping {unknown}
 V - a scroll of vulnerability {unknown}
Potions
 e - 2 potions of magic
 i - 2 potions of cancellation
 l - 2 potions of ambrosia
 p - 10 potions of curing
 s - 2 potions of attraction
 z - 3 potions of mutation
 I - a potion of flight
 Q - a potion of brilliance
 R - a potion of invisibility
 Z - a potion of lignification


   Skills:
 + Level 10.9 Fighting
 * Level 15.6 Axes
 + Level 10.0 Armour
 + Level 1.7 Dodging
 + Level 9.9 Shields
 + Level 2.9 Invocations


You had 11 spell levels left.
You didn't know any spells.
Your spell library contained the following spells:

 Spells                   Type           Power      Damage    Failure   Level
 Apportation              Tloc           0%         N/A       100%        1
 Necrotise                Necr           0%         1d4       100%        1
 Summon Small Mammal      Summ           0%         N/A       100%        1
 Call Canine Familiar     Summ           0%         N/A       100%        3
 Summon Guardian Golem    Hex/Summ       0%         N/A       100%        3
 Iskenderun's Battlesphe  Conj           0%         2d6       100%        5
 Iron Shot                Conj/Erth      0%         9d1       100%        6
 Spellforged Servitor     Conj/Summ      0%         N/A       100%        7


Dungeon Overview and Level Annotations

Branches:
Dungeon (11/15)            Temple (1/1) D:5         Ossuary (visited)
  IceCv (1/1)
   Lair: D:8-11         Orc: D:9-12

Altars:
Ashenzari
Cheibriados
Dithmenos
Elyvilon
Fedhas
Gozag
Hepliaklqana
Kikubaaqudgha
Makhleb
Nemelex Xobeh
Okawaru
Qazlal
Ru
Sif Muna
Trog
Uskayaw
Vehumet
Wu Jian
Xom
Yredelemnul
Zin
The Shining One

Shops:
D:2 *

Annotations:
D:5 1 runed translucent door, Pimp's ghost, amateur BaWr


Message History

Okay, then.
As you read the scroll of fear, it crumbles to dust.
You assume a fearsome visage.
The polar bear is unaffected.
The yak looks frightened!
The death yak easily resists.
The polar bear looks frightened!
The yak looks frightened!
The polar bear looks frightened!
The wolf easily resists.
The death yak looks frightened!
The frost giant resists with almost no effort.
The wolf looks frightened!
You block the death yak's attack.
You hit the death yak but do no damage.
The death yak is severely wounded.
The polar bear rages.
The death yak gores you but does no damage.
Cornered, the death yak turns to fight!
You slice the death yak!!
You kill the death yak!
Beogh accepts your kill.
Your Armour skill increases to level 10!
You slice the death yak!!
The death yak is moderately wounded.
The death yak gores you!
You slice the death yak!!
The death yak is heavily wounded.
Cornered, the wolf turns to fight!
The death yak gores you!
You slash the death yak!
The death yak is severely wounded.
The polar bear rages.
The death yak gores you but does no damage.
You slice the death yak!!
The death yak is almost dead.
You block the death yak's attack.
You barely miss the death yak.
The death yak is almost dead.
The death yak gores you!
* * * LOW HITPOINT WARNING * * *
The death yak attacks as you move away! The death yak gores you!!
* * * LOW HITPOINT WARNING * * *
You hear an angry growl.
The death yak attacks as you move away! The death yak gores you!
You die...

#### ...# ##########
.⌠.#########...##YC(#
.....#..#...##..@##hh.#
###....#..########
hh..# #~~.#####..# .Y..
~~#~..##..## ..h
≈~~##...### .#
##..##### # ......
......☼. #...°.○○


You could see a frost giant and a death yak.

Vanquished Creatures
  Gastronok (D:9)
  Erica (D:8)
  A death yak (IceCv)
  A two-headed ogre (D:6)
  Pikel (D:5)
  An ugly thing (IceCv)
  An ice statue (IceCv)
  A kobold demonologist (D:10)
  Psyche (D:8)
  2 polar bears (IceCv)
  Prince Ribbit (D:8)
  A hornet (D:9)
  17 yaks
  Eustachio (D:6)
  5 wyverns
  Grum (D:9)
  A vampire mosquito (D:10)
  Menkaure (D:4)
  A water moccasin (D:7)
  3 sky beasts
  2 orc warriors
  3 black bears
  An ogre (D:5)
  14 wolves
  3 ice beasts (D:6)
  2 centaurs
  A lemure (D:5)
  3 phantoms
  5 kobold brigands
  A bullfrog (D:6)
  A gnoll sergeant (D:8)
  2 scorpions
  3 water moccasin zombies (Ossuary)
  14 killer bees
  An electric eel (D:6)
  A howler monkey (D:8)
  4 hounds
  An orc priest (D:10)
  3 gnoll boudas
  Jessica (D:2)
  6 iguanas
  Ijyb (D:5)
  3 sleepcaps
  6 orc wizards
  2 mummies (Ossuary)
  18 gnolls
  6 adders
  A shadow imp (D:6)
  6 adder zombies (Ossuary)
  A worm (D:2)
  2 dart slugs
  14 orcs
  7 ball pythons
  7 endoplasms
  A giant cockroach (D:4)
  4 gnoll zombies (Ossuary)
  7 goblins
  4 hobgoblins
  7 jackals
  5 quokkas
  5 bats
  6 frilled lizards
  6 hobgoblin zombies (Ossuary)
  27 kobolds
  4 kobold zombies (Ossuary)
  4 orc zombies (Ossuary)
  4 rats
273 creatures vanquished.

Vanquished Creatures (others)
  10 plants (D:8)
  2 withered plants (D:5)
12 creatures vanquished.

Grand Total: 285 creatures vanquished

Notes
Turn   | Place    | Note
-------+----------+-------------------------------------------
     0 | D:1      | cheesebisquit the Hill Orc Fighter began the quest for the
                  | Orb.
     0 | D:1      | Reached XP level 1. HP: 19/19 MP: 1/1
   133 | D:1      | Reached skill level 3 in Axes
   214 | D:1      | Found a faded altar of an unknown god.
   352 | D:1      | Reached XP level 2. HP: 26/27 MP: 2/2
  1129 | D:2      | Noticed Jessica
  1140 | D:2      | Killed Jessica
  1141 | D:2      | Reached XP level 3. HP: 26/33 MP: 3/3
  1340 | D:2      | Found Vehiexo Mori's General Store.
  1408 | D:2      | Bought a potion of heal wounds for 65 gold pieces
  1686 | D:2      | You fall into a shaft and drop 1 floor!
  1988 | D:3      | Reached skill level 4 in Axes
  2000 | D:3      | Identified the +0 hand axe "Focsunece" {freeze, Contam rN+
                  | Dex+3}
  2010 | D:3      | Reached XP level 4. HP: 31/40 MP: 4/4
  2855 | D:4      | Noticed a scorpion
  2868 | D:3      | Killed a scorpion
  2869 | D:3      | Reached XP level 5. HP: 47/47 MP: 5/5
  2885 | D:4      | Noticed a black bear
  3033 | D:4      | Killed a black bear
  3034 | D:4      | Reached skill level 5 in Axes
  3034 | D:4      | Reached XP level 6. HP: 42/55 MP: 6/6
  3489 | D:4      | Noticed Menkaure
  3497 | D:4      | Killed Menkaure
  3498 | D:4      | Reached skill level 5 in Fighting
  3498 | D:4      | Reached skill level 6 in Axes
  3711 | D:5      | Entered Level 5 of the Dungeon
  3753 | D:5      | Noticed Pikel
  3764 | D:4      | Reached XP level 7. HP: 35/61 MP: 7/7
  3887 | D:5      | Found a runed translucent door.
  3934 | D:5      | Noticed Pimp's ghost (amateur BaWr)
  4032 | D:5      | Reached skill level 5 in Armour
  4032 | D:5      | Reached skill level 5 in Shields
  4209 | D:5      | Reached skill level 7 in Axes
  4224 | D:5      | Found a staircase to the Ecumenical Temple.
  4232 | Temple   | Entered the Ecumenical Temple
  4555 | D:5      | Noticed Ijyb
  4567 | D:5      | Killed Ijyb
  4730 | D:5      | Killed Pikel
  4731 | D:5      | Reached skill level 8 in Axes
  4731 | D:5      | Reached XP level 8. HP: 36/71 MP: 8/8
  5046 | D:5      | Reached skill level 9 in Axes
  5711 | D:6      | Noticed a two-headed ogre
  5715 | D:6      | Reached XP level 9. HP: 78/78 MP: 9/9
  5720 | D:6      | Killed a two-headed ogre
  5721 | D:6      | Reached skill level 10 in Axes
  5910 | D:6      | Reached skill level 11 in Axes
  5962 | D:6      | Identified the +5 sling "Tiog" {heavy, rC++ Str+3}
  6271 | D:6      | Noticed Eustachio
  6289 | D:6      | Killed Eustachio
  6293 | D:6      | Identified the +5 hand axe "Asiamo" {drain, Drain +Blink
                  | rF++}
  6422 | D:7      | Reached XP level 10. HP: 88/88 MP: 10/10
  6627 | D:7      | Found a sand-covered staircase.
  6634 | Ossuary  | Entered an ossuary
  6693 | Ossuary  | Reached skill level 12 in Axes
  7016 | D:7      | Found a stormy altar of Qazlal.
  7366 | D:8      | Noticed Erica
  7366 | D:8      | Found a basalt altar of Yredelemnul.
  7386 | D:8      | Killed Erica
  7491 | D:8      | Noticed Prince Ribbit
  7513 | D:8      | Killed Prince Ribbit
  7514 | D:8      | Reached skill level 13 in Axes
  7612 | D:8      | Found a sparkling altar of Nemelex Xobeh.
  7790 | D:8      | Noticed Psyche
  7800 | D:8      | Killed Psyche
  8338 | D:9      | Identified a scroll of acquirement
  8339 | D:9      | Acquired a +1 broad axe of holy wrath
  8641 | D:9      | Noticed Grum
  8660 | D:9      | Killed Grum
  8661 | D:9      | Reached XP level 11. HP: 52/89 MP: 11/11
  9013 | D:9      | Noticed Gastronok
  9043 | D:9      | Killed Gastronok
  9044 | D:9      | Reached skill level 14 in Axes
  9513 | D:9      | Paralysed by a hornet for 1 turns
  9689 | D:10     | Entered Level 10 of the Dungeon
  9794 | D:10     | Reached skill level 10 in Fighting
 10203 | D:10     | Became a worshipper of Beogh the Brigand
 10815 | D:11     | Noticed a boulder beetle
 11172 | D:11     | Found a frozen archway.
 11262 | IceCv    | Entered an ice cave
 11367 | IceCv    | Reached * piety under Beogh
 11368 | IceCv    | Reached skill level 15 in Axes
 11710 | IceCv    | Reached skill level 1 in Invocations
 11733 | IceCv    | Reached skill level 1 in Dodging
 11801 | IceCv    | Reached XP level 12. HP: 71/108 MP: 13/13
 12004 | IceCv    | Identified the +0 pair of gloves "Kisousee" {rPois Will+
                  | Str-5 Slay+2}
 12043 | IceCv    | Noticed a death yak
 12043 | IceCv    | Noticed a death yak
 12043 | IceCv    | Noticed a frost giant
 12071 | IceCv    | Killed a death yak
 12072 | IceCv    | Reached skill level 10 in Armour
 12077 | IceCv    | HP: 4/108 [death yak (22)]
 12078 | IceCv    | Mangled by a death yak

Illustrated notes

Levels and vault maps discovered:
D:1:      enne_arrival_octagon_isle, layout_basic,
          shapermc_ecumenical_altar_notcrosses
D:2:      layout_loops_ring, serial_shops, nicolae_shop_statue_plus,
          uniq_jessica
D:3:      layout_basic, serial_curves, eino_curves_03, eino_curves_01,
          minmay_misc_feat_rows, grunt_decor_junction, st_stairs_2
D:4:      layout_rooms, eino_small_chamber_without_monster, uniq_menkaure
D:5:      layout_loops_cross, minmay_temple_entry_glassed_door,
          gammafunk_ghost_grave, uniq_ijyb, uniq_pikel
D:6:      cheibrodos_barr_body, layout_loops_cross, kennysheep_cluttered_room,
          uniq_eustachio
D:7:      layout_cave_pools, nicolae_qazlal_style_of_elements,
          lightli_ossuary_entry_decrepit_ruins, enter_bailey_4,
          kennysheep_generic_room_4
D:8:      layout_basic, mainiacjoe_overflow_catch_the_wave, uniq_erica,
          uniq_prince_ribbit1, uniq_psyche
D:9:      layout_grid_maze, uniq_grum, uniq_gastronok
D:10:     minmay_skewed_foursquare, layout_gridville
D:11:     layout_stronghold, david_lair_generic,
          portal_ice_cave_entry_pillars_2, uniq_harold
Temple:   compressed_dpeg_triangle_lava_temple
IceCv:    ice_cave_caverns_03

Skill      XL: |  1  2  3  4  5  6  7  8  9 10 11 12 |
---------------+-------------------------------------+-----
Axes           | 3 4 5 6 8 9 11 13 15 | 15.6
Fighting       | 4 5 6 8 9 10 | 10.9
Armour         | 4 5 6 7 8 9 10 | 10.0
Shields        | 4 5 6 7 8 9 |  9.9
Invocations    | 2 |  2.9
Dodging        | 1 |  1.7

Action                     |  1- 3 |  4- 6 |  7- 9 | 10-12 || total
---------------------------+-------+-------+-------+-------++-------
  Melee: War axe           |    69 |    86 |   224 |       ||   379
         Hand axe          |       |       |    23 |   188 ||   211
         Broad axe         |       |       |       |   285 ||   285
  Throw: Dart              |     5 |     9 |    35 |   150 ||   199
         Boomerang         |       |    17 |    10 |       ||    27
 Invoke: Convert to Beogh  |       |       |       |     1 ||     1
    Use: Potion            |       |     2 |     3 |     5 ||    10
         Scroll            |       |       |    16 |    10 ||    26
   Stab: Invisible         |       |       |     4 |       ||     4
         Sleeping          |       |       |     2 |     3 ||     5
 Armour: Scale mail        |    30 |     7 |       |       ||    37
         Chain mail        |       |    47 |     5 |       ||    52
         Shadow dragon sca |       |       |   122 |   190 ||   312
         Plate armour      |       |       |       |    11 ||    11
  Dodge: Dodged            |    33 |    32 |    70 |   132 ||   267
  Block: Buckler           |    17 |    32 |    52 |    90 ||   191
         Kite shield       |       |       |       |    37 ||    37

Table legend: (Time is in decaauts)
 A = Elapsed time spent in this place.
 B = Non-inter-level travel time spent in this place.
 C = Inter-level travel time spent in this place.
 D = Time resting spent in this place.
 E = Time spent auto-exploring this place.
 F = Levels seen in this place.
 G = Mean time per level.
                   A        B        C        D        E       F      G
               +--------+--------+--------+--------+--------+-----+--------+
         Total |  12096 |  11053 |   1043 |    167 |   8736 |  14 |  864.0 |
       Dungeon |  10812 |   9780 |   1032 |    167 |   7763 |  11 |  982.9 |
        Temple |    271 |    260 |     11 |      0 |    248 |   1 |  271.0 |
       Ossuary |    192 |    192 |      0 |      0 |     93 |   1 |  192.0 |
      Ice Cave |    819 |    819 |      0 |      0 |    632 |   1 |  819.0 |
               +--------+--------+--------+--------+--------+-----+--------+

Top non-repeatable levels by time:
     D:9: 1422 daAuts
    D:10: 1314 daAuts
     D:5: 1291 daAuts
     D:1: 1178 daAuts
     D:3: 1122 daAuts
     D:6: 990 daAuts
     D:8: 939 daAuts
     D:4: 852 daAuts
   IceCv: 819 daAuts
     D:2: 779 daAuts
     D:7: 730 daAuts
  Temple: 271 daAuts
    D:11: 192 daAuts
 Ossuary: 192 daAuts
